Penguins vs Kings

Created - 24 septembre 2019 at 17:03

Simulating a Pre-Season

Goals
1 2 3 T
Penguins 0 1 6 7
Kings 0 1 1 2
Shots
1 2 3 T
Penguins 4 7 17 28
Kings 9 14 17 40

1st period

No Goal

Penalties :
Steve Bernier (PIT) for Interference (Minor) at 15:09

2nd period

1. Kings , Artturi Lehkonen 1 (Jonathon Merrill 1, Artem Anisimov 2) at 7:01
2. Penguins , Sam Bennett 1 (Marcus Foligno 1, Steve Bernier 1) at 13:51

Penalties :
Sam Bennett (PIT) for Hooking (Minor) at 15:18

3rd period

3. Penguins , Patric Hornqvist 1 (Markus Granlund 2, Joel Armia 1) at 0:39
4. Penguins , Joel Armia 2 (Brent Burns 4, Markus Granlund 3) at 7:04
5. Penguins , Marcus Foligno 1 (Steve Bernier 2) at 7:37
6. Penguins , Patric Hornqvist 2 (Markus Granlund 4) at 10:33 (PP)
7. Penguins , Patric Hornqvist 3 (Joel Armia 2, Dmitry Orlov 2) at 11:54
8. Penguins , Sam Bennett 2 (Niklas Kronwall 3) at 14:53
9. Kings , Artturi Lehkonen 2 (Artem Anisimov 3) at 15:30

Penalties :
Dmitry Orlov (PIT) for Holding (Minor) at 3:21, Tyler Myers (PIT) for High sticking (Minor) at 7:48, Jonas Brodin (LAK) for Hooking (Minor) at 10:32, Alex Ovechkin (LAK) for Interference (Minor) at 12:18, Artem Anisimov (LAK) for Fighting (Major) at 16:21, Sam Bennett (PIT) for Fighting (Major) at 16:21

Goalie Stats

Tuukka Rask (PIT), 38 saves from 40 shots - (0,950), W, 2-1-0, 60:00 minutes
Devan Dubnyk (LAK), 6 saves from 9 shots - (0,667), 12:23 minutes
Semyon Varlamov (LAK), 15 saves from 19 shots - (0,789), L, 0-1-0, 47:37 minutes

Players Stats for Penguins

Player Name              G  A  P  +/- PIM S  H  SB GA TA FO     MP     PP MP  PK MP  
------------------------------------------------------------------------------------
Adam Lowry               0  0  0  -1  0   2  1  1  0  0  3/9    19:50   0:53   2:01 
Brent Burns              0  1  1   0  0   1  2  2  1  1  0/0    28:22   1:04   4:57 
Dmitry Orlov             0  1  1   2  2   0  1  0  0  0  0/0    18:02   1:02   2:14 
Greg Carey               0  0  0   0  0   0  0  0  0  0  0/0     0:42   0:06   0:00 
Jacob Larsson            0  0  0   0  0   1  0  0  0  0  0/0     5:43   0:00   0:00 
Jesperi Kotkaniemi       0  0  0   0  0   0  0  0  0  0  0/0     2:27   0:06   0:00 
Joel Armia               1  2  3   2  0   4  0  1  0  1  1/1    22:38   1:01   4:59 
Marcus Foligno           1  1  2   3  0   3  2  1  0  0  0/1    14:53   0:00   1:04 
Markus Granlund          0  3  3   2  0   1  2  1  0  3  9/34   20:30   1:01   2:01 
Mikkel Boedker           0  0  0  -1  0   3  1  0  0  0  0/0    17:22   0:53   0:23 
Miro Heiskanen           0  0  0   0  0   0  0  0  0  0  0/0     5:43   0:00   0:00 
Niklas Kronwall          0  1  1   2  0   0  1  0  0  0  0/0     9:12   0:00   0:00 
Patric Hornqvist         3  0  3   2  0   4  0  1  1  1  3/10   24:31   1:01   4:55 
Reid Boucher             0  0  0  -1  0   0  2  0  1  0  0/1    16:59   0:53   0:00 
Roman Polak              0  0  0   2  0   1  1  2  2  2  0/0    18:38   1:02   2:59 
Sam Bennett              2  0  2   3  7   3  0  0  2  1  1/9    13:08   0:00   0:29 
Steve Bernier            0  2  2   3  2   1  0  0  0  0  0/1    13:57   0:00   0:00 
Tim Schaller             0  0  0   2  0   0  0  0  0  0  0/0    11:08   0:00   1:56 
Tyler Myers              0  0  0   0  2   4  0  3  2  0  0/0    25:40   0:58   3:46 
Vladimir Sobotka         0  0  0   0  0   0  0  0  0  0  0/0     2:34   0:00   0:00 

Players Stats for Kings

Player Name              G  A  P  +/- PIM S  H  SB GA TA FO     MP     PP MP  PK MP  
------------------------------------------------------------------------------------
Alex Ovechkin            0  0  0  -2  2   4  3  0  2  0  2/3    21:27   4:51   0:00 
Anze Kopitar             0  0  0  -1  0   4  3  0  0  2  10/14  17:09   3:05   1:06 
Artem Anisimov           0  2  2   1  5   2  1  0  1  0  9/10   13:02   3:05   0:03 
Artemi Panarin           0  0  0  -2  0   7  2  1  1  2  0/2    21:06   4:51   0:00 
Artturi Lehkonen         2  0  2   1  0   2  2  0  0  0  0/0    11:41   0:00   0:41 
Brian Dumoulin           0  0  0  -5  0   3  1  1  0  1  0/0    23:36   4:15   0:00 
Carl Dahlstrom           0  0  0   0  0   0  0  1  0  0  0/0    15:41   0:00   0:57 
Carter Rowney            0  0  0  -2  0   0  0  0  0  0  1/2    10:08   0:00   0:25 
Danny DeKeyser           0  0  0   1  0   1  2  2  0  0  0/0    20:43   3:41   1:03 
Drew Stafford            0  0  0  -2  0   0  1  0  0  0  0/0     9:43   0:00   0:00 
Jonas Brodin             0  0  0   1  2   0  2  0  0  1  0/0    20:41   3:41   1:02 
Jonathon Merrill         0  1  1   0  0   2  0  1  0  1  0/0    15:41   0:00   0:57 
Lee Stempniak            0  0  0   1  0   4  0  0  3  0  0/0    11:25   0:00   0:25 
Michael Grabner          0  0  0  -1  0   2  1  0  1  0  1/1    13:58   0:00   1:00 
Nikolay Goldobin         0  0  0  -2  0   2  0  0  0  0  0/0    10:12   0:00   0:00 
Shea Weber               0  0  0  -5  0   1  1  3  1  2  0/0    23:37   4:15   0:01 
Thomas Vanek             0  0  0  -1  0   4  1  0  0  0  0/0    16:03   3:05   0:00 
Tomas Hertl              0  0  0  -2  0   2  1  0  0  0  26/34  22:04   4:51   0:20 

3 Stars

1 - Patric Hornqvist (PIT)
2 - Joel Armia (PIT)
3 - Marcus Foligno (PIT)

Power Play

Penguins - 1 on 2 Attempt(s) - 50,00%
Kings - 0 on 4 Attempt(s) - 0,00%

Penalty Kill

Penguins - 4 on 4 Attempt(s) - 100,00% - Score 0 goal in Penalty Kill
Kings - 1 on 2 Attempt(s) - 50,00% - Score 0 goal in Penalty Kill

Team Stat

Penguins - Hits : 13 - Faceoff Wins : 17 - Blocked Shots : 12 - Penalty Minutes : 13
Kings - Hits : 21 - Faceoff Wins : 49 - Blocked Shots : 9 - Penalty Minutes : 9

Official

Referees : Brad Meier and Rob Martell
Linesman : Tony Sericolo and Mike Cvik

Game Notes

Devan Dubnyk enters game at 7:37 of 3rd period
11:54 of 3rd period - Penguins goal is going for a video replay. After video review, Goal.
Patric Hornqvist has scored a Hat Trick!
Sam Bennett beats up Artem Anisimov at 16:21 of 3rd period

Penguins

5 vs 5 Forward 
   Center                   Left Wing                Right Wing               Time % Phy DF OF 
 1 Markus Granlund          Patric Hornqvist         Joel Armia               40     1   2  2  
 2 Adam Lowry               Mikkel Boedker           Reid Boucher             30     1   2  2  
 3 Sam Bennett              Marcus Foligno           Steve Bernier            20     1   2  2  
 4 Vladimir Sobotka         Brent Burns              Patric Hornqvist         10     1   2  2  

5 vs 5 Defense 
   Defense                  Defense                                           Time % Phy DF OF 
 1 Brent Burns              Tyler Myers                                       40     1   2  2  
 2 Roman Polak              Dmitry Orlov                                      30     1   2  2  
 3 Niklas Kronwall          Tim Schaller                                      20     1   2  2  
 4 Miro Heiskanen           Jacob Larsson                                     10     1   2  2  

PowerPlay Forward 
   Center                   Left Wing                Right Wing               Time % Phy DF OF 
 1 Markus Granlund          Patric Hornqvist         Joel Armia               60     1   2  2  
 2 Adam Lowry               Mikkel Boedker           Reid Boucher             40     1   2  2  

PowerPlay Defense
   Defense                  Defense                                           Time % Phy DF OF 
 1 Brent Burns              Tyler Myers                                       60     1   2  2  
 2 Roman Polak              Dmitry Orlov                                      40     1   2  2  

Penalty Kill 4 Players Forward 
   Center                   Wing                     Time % Phy DF OF 
 1 Patric Hornqvist         Joel Armia               60     1   2  2  
 2 Markus Granlund          Adam Lowry               40     1   2  2  

Penalty Kill 4 Players Defense
   Defense                  Defense                  Time % Phy DF OF 
 1 Brent Burns              Tyler Myers              60     1   2  2  
 2 Roman Polak              Dmitry Orlov             40     1   2  2  

Penalty Kill - 3 Players Forward 
   Forward                                           Time % Phy DF OF 
 1 Patric Hornqvist                                  60     1   2  2  
 2 Joel Armia                                        40     1   2  2  

Penalty Kill - 3 Players Defense
   Defense                  Defense                  Time % Phy DF OF 
 1 Brent Burns              Tyler Myers              60     1   2  2  
 2 Roman Polak              Dmitry Orlov             40     1   2  2  

4 vs 4 Forward 
   Center                   Wing                     Time % Phy DF OF 
 1 Patric Hornqvist         Joel Armia               60     1   2  2  
 2 Markus Granlund          Adam Lowry               40     1   2  2  

4 vs 4 Defense
   Defense                  Defense                  Time % Phy DF OF 
 1 Brent Burns              Tyler Myers              60     1   2  2  
 2 Roman Polak              Dmitry Orlov             40     1   2  2  

Last Minutes Offensive
   Center                   Left Wing                Right Wing               Defense                  Defense                  
   Markus Granlund          Patric Hornqvist         Joel Armia               Brent Burns              Tyler Myers              

Last Minutes Defensive
   Center                   Left Wing                Right Wing               Defense                  Defense                  
   Markus Granlund          Patric Hornqvist         Joel Armia               Brent Burns              Tyler Myers              

Goaltenders
Starting : Tuukka Rask              
Backup : Jack Campbell            

Extra Forwards
Normal : Jesperi Kotkaniemi, Greg Carey, Marcus Foligno - PP : Jesperi Kotkaniemi, Greg Carey - PK : Marcus Foligno
Extra Defensemen
Normal : Niklas Kronwall, Tim Schaller, Miro Heiskanen - PP : Niklas Kronwall - PK : Tim Schaller, Miro Heiskanen
Penalty Shots
Brent Burns, Patric Hornqvist, Joel Armia, Markus Granlund, Adam Lowry
Custom OT Lines Forwards
Brent Burns, Patric Hornqvist, Joel Armia, Markus Granlund, Adam Lowry, Mikkel Boedker, Tim Schaller, Marcus Foligno, Reid Boucher, Sam Bennett
Custom OT Lines Defensemen
Brent Burns, Tyler Myers, Roman Polak, Dmitry Orlov, Niklas Kronwall

Scratches
Mikael Granlund (Exhaustion), Brian Boyle (Exhaustion), Auston Matthews (Exhaustion)

Kings

5 vs 5 Forward 
   Center                   Left Wing                Right Wing               Time % Phy DF OF 
 1 Tomas Hertl              Alex Ovechkin            Artemi Panarin           38     0   2  3  
 2 Anze Kopitar             Michael Grabner          Thomas Vanek             31     0   2  3  
 3 Artem Anisimov           Artturi Lehkonen         Lee Stempniak            24     0   3  2  
 4 Carter Rowney            Nikolay Goldobin         Drew Stafford            7      1   2  2  

5 vs 5 Defense 
   Defense                  Defense                                           Time % Phy DF OF 
 1 Shea Weber               Brian Dumoulin                                    39     1   3  1  
 2 Danny DeKeyser           Jonas Brodin                                      34     1   3  1  
 3 Jonathon Merrill         Carl Dahlstrom                                    27     1   2  2  
 4 Shea Weber               Brian Dumoulin                                    0      1   2  2  

PowerPlay Forward 
   Center                   Left Wing                Right Wing               Time % Phy DF OF 
 1 Tomas Hertl              Alex Ovechkin            Artemi Panarin           60     0   1  4  
 2 Anze Kopitar             Artem Anisimov           Thomas Vanek             40     0   1  4  

PowerPlay Defense
   Defense                  Defense                                           Time % Phy DF OF 
 1 Shea Weber               Brian Dumoulin                                    60     1   1  3  
 2 Danny DeKeyser           Jonas Brodin                                      40     1   1  3  

Penalty Kill 4 Players Forward 
   Center                   Wing                     Time % Phy DF OF 
 1 Anze Kopitar             Michael Grabner          60     1   4  0  
 2 Carter Rowney            Lee Stempniak            40     1   4  0  

Penalty Kill 4 Players Defense
   Defense                  Defense                  Time % Phy DF OF 
 1 Danny DeKeyser           Jonas Brodin             60     1   4  0  
 2 Jonathon Merrill         Carl Dahlstrom           40     1   4  0  

Penalty Kill - 3 Players Forward 
   Forward                                           Time % Phy DF OF 
 1 Anze Kopitar                                      50     1   2  2  
 2 Tomas Hertl                                       50     1   2  2  

Penalty Kill - 3 Players Defense
   Defense                  Defense                  Time % Phy DF OF 
 1 Shea Weber               Brian Dumoulin           50     1   4  0  
 2 Danny DeKeyser           Jonas Brodin             50     1   4  0  

4 vs 4 Forward 
   Center                   Wing                     Time % Phy DF OF 
 1 Anze Kopitar             Alex Ovechkin            55     0   2  3  
 2 Tomas Hertl              Artemi Panarin           45     1   2  2  

4 vs 4 Defense
   Defense                  Defense                  Time % Phy DF OF 
 1 Shea Weber               Brian Dumoulin           55     1   2  2  
 2 Danny DeKeyser           Jonas Brodin             45     1   2  2  

Last Minutes Offensive
   Center                   Left Wing                Right Wing               Defense                  Defense                  
   Anze Kopitar             Alex Ovechkin            Artemi Panarin           Shea Weber               Brian Dumoulin           

Last Minutes Defensive
   Center                   Left Wing                Right Wing               Defense                  Defense                  
   Anze Kopitar             Michael Grabner          Tomas Hertl              Shea Weber               Danny DeKeyser           

Goaltenders
Starting : Semyon Varlamov          
Backup : Devan Dubnyk             

Extra Forwards
Normal : Artturi Lehkonen, Nikolay Goldobin, Alex Ovechkin - PP : Artturi Lehkonen, Nikolay Goldobin - PK : Artturi Lehkonen
Extra Defensemen
Normal : Jonathon Merrill, Carl Dahlstrom, Shea Weber - PP : Jonathon Merrill - PK : Shea Weber, Brian Dumoulin
Penalty Shots
Artemi Panarin, Thomas Vanek, Anze Kopitar, Alex Ovechkin, Tomas Hertl
Custom OT Lines Forwards
Alex Ovechkin, Anze Kopitar, Artemi Panarin, Tomas Hertl, Thomas Vanek, Michael Grabner, Artem Anisimov, Artturi Lehkonen, Nikolay Goldobin, Lee Stempniak
Custom OT Lines Defensemen
Shea Weber, Brian Dumoulin, Jonas Brodin, Danny DeKeyser, Jonathon Merrill

Scratches
Luke Schenn (Healthy), Michael Del Zotto (Healthy), Nikita Soshnikov (Healthy), Alex Stalock (Healthy)

% Time on Ice - Penguins

Lines # - Real PCT - Wanted PCT - Time Play
Normal Forward
1 - 34% - 40% - 16:55
2 - 34% - 30% - 16:56
3 - 27% - 20% - 13:39
4 - 5% - 10% - 2:34
Normal Defense
1 - 41% - 40% - 20:32
2 - 29% - 30% - 14:37
3 - 18% - 20% - 9:12
4 - 11% - 10% - 5:43
PP Forward
1 - 56% - 60% - 1:07
2 - 44% - 40% - 0:53
PP Defense
1 - 48% - 60% - 0:58
2 - 52% - 40% - 1:02
PK Forward
1 - 75% - 60% - 5:55
2 - 25% - 40% - 2:01
PK Defense
1 - 62% - 60% - 4:57
2 - 38% - 40% - 2:59
PK3 Forward
1 - 0% - 60%
2 - 0% - 40%
PK3 Defense
1 - 0% - 60%
2 - 0% - 40%
44 Forward
1 - 0% - 60%
2 - 0% - 40%
44 Defense
1 - 0% - 60%
2 - 0% - 40%
Last Minute Offensive  - 0:00
Last Minute Defensive  - 0:00
Total
Forward - 60:00
Defense - 60:00

% Time on Ice - Kings

Lines # - Real PCT - Wanted PCT - Time Play
Normal Forward
1 - 33% - 38% - 16:23
2 - 26% - 31% - 12:58
3 - 22% - 24% - 11:00
4 - 19% - 7% - 9:43
Normal Defense
1 - 39% - 39% - 19:21
2 - 33% - 34% - 16:20
3 - 29% - 27% - 14:23
4 - 0% - 0% - 0:00
PP Forward
1 - 61% - 60% - 4:51
2 - 39% - 40% - 3:05
PP Defense
1 - 54% - 60% - 4:15
2 - 46% - 40% - 3:41
PK Forward
1 - 79% - 60% - 1:35
2 - 21% - 40% - 0:25
PK Defense
1 - 53% - 60% - 1:03
2 - 48% - 40% - 0:57
PK3 Forward
1 - 0% - 50%
2 - 0% - 50%
PK3 Defense
1 - 0% - 50%
2 - 0% - 50%
44 Forward
1 - 0% - 55%
2 - 0% - 45%
44 Defense
1 - 0% - 55%
2 - 0% - 45%
Last Minute Offensive  - 0:00
Last Minute Defensive  - 0:00
Total
Forward - 60:00
Defense - 60:00

Play-by-Play

1st period


0:01 of 1st period - Markus Granlund wins face-off versus Tomas Hertl in neutral zone.
0:16 of 1st period - Wrist shot by Artemi Panarin.
0:16 of 1st period - Stopped by Tuukka Rask without a rebound.
0:17 of 1st period - Adam Lowry wins face-off versus Anze Kopitar in Penguins zone.
0:26 of 1st period - Snap shot by Anze Kopitar.
0:26 of 1st period - Shot Blocked by Roman Polak.
0:54 of 1st period - Wrist shot by Michael Grabner.
0:54 of 1st period - Shot Misses the Net.
1:14 of 1st period - Joel Armia is hit by Alex Ovechkin and loses puck.
2:55 of 1st period - Reid Boucher is hit by Danny DeKeyser and loses puck.
3:17 of 1st period - Icing by Brent Burns.
3:18 of 1st period - Tomas Hertl wins face-off versus Sam Bennett in Penguins zone.
3:21 of 1st period - Snap shot by Alex Ovechkin.
3:21 of 1st period - Stopped by Tuukka Rask with a rebound.
4:09 of 1st period - Wrist shot by Thomas Vanek.
4:09 of 1st period - Stopped by Tuukka Rask with a rebound.
4:11 of 1st period - Slapshot by Anze Kopitar.
4:11 of 1st period - Shot Blocked by Adam Lowry.
4:40 of 1st period - Snap shot by Reid Boucher.
4:40 of 1st period - Shot Blocked by Carl Dahlstrom.
4:42 of 1st period - Wrist shot by Reid Boucher.
4:42 of 1st period - Shot Misses the Net.
4:44 of 1st period - Snap shot by Adam Lowry.
4:44 of 1st period - Stopped by Semyon Varlamov with a rebound.
5:16 of 1st period - Slapshot by Drew Stafford.
5:16 of 1st period - Deflect By Niklas Kronwall.
5:16 of 1st period - Shot Misses the Net.
5:16 of 1st period - Puck is out of play.
5:17 of 1st period - Tomas Hertl wins face-off versus Markus Granlund in Penguins zone.
5:20 of 1st period - Wrist shot by Alex Ovechkin.
5:20 of 1st period - Stopped by Tuukka Rask without a rebound.
5:21 of 1st period - Patric Hornqvist wins face-off versus Artemi Panarin in Penguins zone.
5:38 of 1st period - Snap shot by Tomas Hertl.
5:38 of 1st period - Shot Blocked by Tyler Myers.
6:36 of 1st period - Wrist shot by Lee Stempniak.
6:36 of 1st period - Stopped by Tuukka Rask with a rebound.
6:38 of 1st period - Wrist shot by Artem Anisimov.
6:38 of 1st period - Stopped by Tuukka Rask with a rebound.
7:26 of 1st period - Slapshot by Alex Ovechkin.
7:26 of 1st period - Shot Blocked by Roman Polak.
9:00 of 1st period - Snap shot by Sam Bennett.
9:00 of 1st period - Shot Misses the Net.
9:26 of 1st period - Joel Armia is hit by Danny DeKeyser and loses puck.
9:37 of 1st period - Snap shot by Mikkel Boedker.
9:37 of 1st period - Shot Misses the Net.
9:39 of 1st period - Snap shot by Reid Boucher.
9:39 of 1st period - Shot Misses the Net.
9:41 of 1st period - Wrist shot by Mikkel Boedker.
9:41 of 1st period - Stopped by Semyon Varlamov with a rebound.
9:43 of 1st period - Slapshot by Jacob Larsson.
9:43 of 1st period - Stopped by Semyon Varlamov without a rebound.
9:44 of 1st period - Artem Anisimov wins face-off versus Sam Bennett in Kings zone.
9:46 of 1st period - Icing by Artturi Lehkonen.
9:47 of 1st period - Artem Anisimov wins face-off versus Sam Bennett in Kings zone.
9:58 of 1st period - Snap shot by Sam Bennett.
9:58 of 1st period - Deflect By Steve Bernier.
9:58 of 1st period - Shot Blocked by Jonathon Merrill.
9:58 of 1st period - Puck is out of play.
9:59 of 1st period - Markus Granlund wins face-off versus Tomas Hertl in Kings zone.
10:14 of 1st period - Slapshot by Alex Ovechkin.
10:14 of 1st period - Stopped by Tuukka Rask with a rebound.
10:26 of 1st period - Brent Burns is hit by Anze Kopitar and loses puck.
12:21 of 1st period - Wrist shot by Patric Hornqvist.
12:21 of 1st period - Shot Misses the Net.
13:28 of 1st period - Wrist shot by Thomas Vanek.
13:28 of 1st period - Deflect By Reid Boucher.
13:28 of 1st period - Shot Misses the Net.
13:28 of 1st period - Puck is out of play.
13:29 of 1st period - Adam Lowry wins face-off versus Anze Kopitar in Penguins zone.
14:12 of 1st period - Icing by Marcus Foligno.
14:13 of 1st period - Artem Anisimov wins face-off versus Markus Granlund in Penguins zone.
14:27 of 1st period - Slapshot by Shea Weber.
14:27 of 1st period - Shot Blocked by Markus Granlund.
14:29 of 1st period - Wrist shot by Artturi Lehkonen.
14:29 of 1st period - Shot Blocked by Patric Hornqvist.
15:09 of 1st period - Minor Penalty to Steve Bernier for Interference.
15:10 of 1st period - Patric Hornqvist wins face-off versus Alex Ovechkin in Penguins zone.
16:01 of 1st period - Icing by Thomas Vanek.
16:02 of 1st period - Anze Kopitar wins face-off versus Patric Hornqvist in Kings zone.
16:16 of 1st period - Off-side.
16:17 of 1st period - Tomas Hertl wins face-off versus Patric Hornqvist in neutral zone.
16:27 of 1st period - Icing by Danny DeKeyser.
16:28 of 1st period - Tomas Hertl wins face-off versus Patric Hornqvist in Kings zone.
17:09 of 1st period - Penalty to Steve Bernier is over, Steve Bernier is back on ice.
17:23 of 1st period - Snap shot by Alex Ovechkin.
17:23 of 1st period - Shot Misses the Net.
17:25 of 1st period - Snap shot by Alex Ovechkin.
17:25 of 1st period - Shot Misses the Net.
17:27 of 1st period - Snap shot by Alex Ovechkin.
17:27 of 1st period - Stopped by Tuukka Rask without a rebound.
17:28 of 1st period - Anze Kopitar wins face-off versus Sam Bennett in Penguins zone.
17:41 of 1st period - Backhand shot by Michael Grabner.
17:41 of 1st period - Stopped by Tuukka Rask with a rebound.
17:53 of 1st period - Lee Stempniak is hit by Reid Boucher and loses puck.
18:00 of 1st period - Snap shot by Mikkel Boedker.
18:00 of 1st period - Shot Misses the Net.
18:02 of 1st period - Slapshot by Adam Lowry.
18:02 of 1st period - Shot Blocked by Shea Weber.
18:30 of 1st period - Wrist shot by Sam Bennett.
18:30 of 1st period - Shot Misses the Net.
19:10 of 1st period - Icing by Tyler Myers.
19:11 of 1st period - Artem Anisimov wins face-off versus Markus Granlund in Penguins zone.
19:12 of 1st period - Backhand shot by Artturi Lehkonen.
19:12 of 1st period - Deflect By Artem Anisimov.
19:12 of 1st period - Shot Blocked by Brent Burns.
19:12 of 1st period - Puck is out of play.
19:13 of 1st period - Artem Anisimov wins face-off versus Markus Granlund in Penguins zone.
19:28 of 1st period - Slapshot by Artem Anisimov.
19:28 of 1st period - Shot Misses the Net.
19:37 of 1st period - Icing by Danny DeKeyser.
19:38 of 1st period - Tomas Hertl wins face-off versus Adam Lowry in Kings zone.
19:38 of 1st period - Tomas Hertl is hit by Reid Boucher.
19:50 of 1st period - Wrist shot by Mikkel Boedker.
19:50 of 1st period - Stopped by Semyon Varlamov with a rebound.
19:52 of 1st period - Slapshot by Dmitry Orlov.
19:52 of 1st period - Deflect By Reid Boucher.
19:52 of 1st period - Shot Misses the Net.
19:52 of 1st period - Puck is out of play.
19:53 of 1st period - Anze Kopitar wins face-off versus Markus Granlund in Kings zone.
Goals for this period are 0 for Penguins vs 0 for Kings.
Shots for this period are 4 for Penguins vs 9 for Kings.

2nd period


0:01 of 2nd period - Tomas Hertl wins face-off versus Markus Granlund in neutral zone.
0:13 of 2nd period - Snap shot by Markus Granlund.
0:13 of 2nd period - Stopped by Semyon Varlamov with a rebound.
1:10 of 2nd period - Carter Rowney is hit by Markus Granlund and loses puck.
1:50 of 2nd period - Off-side.
1:51 of 2nd period - Adam Lowry wins face-off versus Anze Kopitar in neutral zone.
3:00 of 2nd period - Wrist shot by Nikolay Goldobin.
3:00 of 2nd period - Shot Misses the Net.
3:02 of 2nd period - Slapshot by Brian Dumoulin.
3:02 of 2nd period - Shot Blocked by Brent Burns.
3:04 of 2nd period - Wrist shot by Brian Dumoulin.
3:04 of 2nd period - Stopped by Tuukka Rask without a rebound.
3:05 of 2nd period - Tomas Hertl wins face-off versus Reid Boucher in Penguins zone.
3:06 of 2nd period - Snap shot by Artemi Panarin.
3:06 of 2nd period - Stopped by Tuukka Rask with a rebound.
3:29 of 2nd period - Icing by Mikkel Boedker.
3:30 of 2nd period - Anze Kopitar wins face-off versus Adam Lowry in Penguins zone.
3:41 of 2nd period - Snap shot by Reid Boucher.
3:41 of 2nd period - Shot Misses the Net.
3:43 of 2nd period - Backhand shot by Roman Polak.
3:43 of 2nd period - Stopped by Semyon Varlamov without a rebound.
3:44 of 2nd period - Markus Granlund wins face-off versus Tomas Hertl in Kings zone.
3:45 of 2nd period - Wrist shot by Patric Hornqvist.
3:45 of 2nd period - Shot Blocked by Artemi Panarin.
3:47 of 2nd period - Wrist shot by Joel Armia.
3:47 of 2nd period - Stopped by Semyon Varlamov with a rebound.
3:49 of 2nd period - Slapshot by Tyler Myers.
3:49 of 2nd period - Shot Blocked by Danny DeKeyser.
3:51 of 2nd period - Slapshot by Tyler Myers.
3:51 of 2nd period - Stopped by Semyon Varlamov without a rebound.
3:52 of 2nd period - Alex Ovechkin wins face-off versus Markus Granlund in Kings zone.
4:23 of 2nd period - Slapshot by Adam Lowry.
4:23 of 2nd period - Shot Misses the Net.
4:25 of 2nd period - Snap shot by Mikkel Boedker.
4:25 of 2nd period - Stopped by Semyon Varlamov without a rebound.
4:26 of 2nd period - Markus Granlund wins face-off versus Artemi Panarin in Kings zone.
5:15 of 2nd period - Marcus Foligno is hit by Artturi Lehkonen and loses puck.
5:49 of 2nd period - Artemi Panarin is hit by Dmitry Orlov and loses puck.
6:33 of 2nd period - Wrist shot by Shea Weber.
6:33 of 2nd period - Shot Misses the Net.
6:43 of 2nd period - Wrist shot by Anze Kopitar.
6:43 of 2nd period - Stopped by Tuukka Rask with a rebound.
6:53 of 2nd period - Snap shot by Lee Stempniak.
6:53 of 2nd period - Shot Misses the Net.
6:55 of 2nd period - Wrist shot by Jonathon Merrill.
6:55 of 2nd period - Stopped by Tuukka Rask with a rebound.
6:57 of 2nd period - Wrist shot by Artem Anisimov.
6:57 of 2nd period - Shot Misses the Net.
6:59 of 2nd period - Slapshot by Jonathon Merrill.
6:59 of 2nd period - Stopped by Tuukka Rask with a rebound.
7:01 of 2nd period - Wrist shot by Artturi Lehkonen.
7:01 of 2nd period - Goal by Artturi Lehkonen - Penguins : 0 - Kings : 1.
7:02 of 2nd period - Tomas Hertl wins face-off versus Markus Granlund in neutral zone.
7:05 of 2nd period - Slapshot by Artemi Panarin.
7:05 of 2nd period - Stopped by Tuukka Rask with a rebound.
7:28 of 2nd period - Roman Polak is hit by Jonas Brodin.
7:32 of 2nd period - Slapshot by Reid Boucher.
7:32 of 2nd period - Shot Misses the Net.
9:24 of 2nd period - Off-side.
9:25 of 2nd period - Markus Granlund wins face-off versus Carter Rowney in neutral zone.
10:38 of 2nd period - Snap shot by Nikolay Goldobin.
10:38 of 2nd period - Stopped by Tuukka Rask without a rebound.
10:39 of 2nd period - Tomas Hertl wins face-off versus Markus Granlund in Penguins zone.
10:50 of 2nd period - Snap shot by Tomas Hertl.
10:50 of 2nd period - Stopped by Tuukka Rask without a rebound.
10:51 of 2nd period - Tomas Hertl wins face-off versus Markus Granlund in Penguins zone.
11:18 of 2nd period - Brent Burns is hit by Shea Weber and loses puck.
11:41 of 2nd period - Snap shot by Lee Stempniak.
11:41 of 2nd period - Stopped by Tuukka Rask with a rebound.
11:47 of 2nd period - Snap shot by Artem Anisimov.
11:47 of 2nd period - Stopped by Tuukka Rask without a rebound.
11:48 of 2nd period - Tomas Hertl wins face-off versus Markus Granlund in Penguins zone.
12:20 of 2nd period - Snap shot by Adam Lowry.
12:20 of 2nd period - Shot Misses the Net.
12:22 of 2nd period - Snap shot by Adam Lowry.
12:22 of 2nd period - Shot Blocked by Danny DeKeyser.
12:34 of 2nd period - Wrist shot by Lee Stempniak.
12:34 of 2nd period - Stopped by Tuukka Rask without a rebound.
12:35 of 2nd period - Artem Anisimov wins face-off versus Marcus Foligno in Penguins zone.
13:51 of 2nd period - Snap shot by Sam Bennett.
13:51 of 2nd period - Goal by Sam Bennett - Penguins : 1 - Kings : 1.
13:52 of 2nd period - Tomas Hertl wins face-off versus Markus Granlund in neutral zone.
14:54 of 2nd period - Wrist shot by Anze Kopitar.
14:54 of 2nd period - Stopped by Tuukka Rask without a rebound.
14:55 of 2nd period - Tomas Hertl wins face-off versus Steve Bernier in Penguins zone.
14:58 of 2nd period - Snap shot by Artemi Panarin.
14:58 of 2nd period - Shot Misses the Net.
15:10 of 2nd period - Wrist shot by Artemi Panarin.
15:10 of 2nd period - Stopped by Tuukka Rask with a rebound.
15:12 of 2nd period - Wrist shot by Artemi Panarin.
15:12 of 2nd period - Shot Blocked by Marcus Foligno.
15:18 of 2nd period - Minor Penalty to Sam Bennett for Hooking.
15:19 of 2nd period - Patric Hornqvist wins face-off versus Tomas Hertl in Penguins zone.
15:34 of 2nd period - Slapshot by Brent Burns.
15:34 of 2nd period - Shot Blocked by Shea Weber.
15:44 of 2nd period - Brent Burns is hit by Brian Dumoulin and loses puck.
17:12 of 2nd period - Tomas Hertl is hit by Adam Lowry and loses puck.
17:18 of 2nd period - Penalty to Sam Bennett is over, Sam Bennett is back on ice.
17:29 of 2nd period - Slapshot by Marcus Foligno.
17:29 of 2nd period - Stopped by Semyon Varlamov with a rebound.
18:18 of 2nd period - Danny DeKeyser is hit by Niklas Kronwall and loses puck.
18:56 of 2nd period - Steve Bernier is hit by Artem Anisimov.
19:53 of 2nd period - Marcus Foligno is hit by Anze Kopitar and loses puck.
Goals for this period are 1 for Penguins vs 1 for Kings.
Shots for this period are 7 for Penguins vs 14 for Kings.

3rd period


0:01 of 3rd period - Markus Granlund wins face-off versus Tomas Hertl in neutral zone.
0:08 of 3rd period - Slapshot by Brent Burns.
0:08 of 3rd period - Deflect By Patric Hornqvist.
0:08 of 3rd period - Shot Blocked by Shea Weber.
0:08 of 3rd period - Puck is out of play.
0:09 of 3rd period - Tomas Hertl wins face-off versus Markus Granlund in Kings zone.
0:23 of 3rd period - Snap shot by Patric Hornqvist.
0:23 of 3rd period - Stopped by Semyon Varlamov with a rebound.
0:25 of 3rd period - Slapshot by Tyler Myers.
0:25 of 3rd period - Stopped by Semyon Varlamov with a rebound.
0:27 of 3rd period - Wrist shot by Joel Armia.
0:27 of 3rd period - Shot Misses the Net.
0:29 of 3rd period - Slapshot by Tyler Myers.
0:29 of 3rd period - Stopped by Semyon Varlamov with a rebound.
0:31 of 3rd period - Snap shot by Markus Granlund.
0:31 of 3rd period - Shot Misses the Net.
0:33 of 3rd period - Snap shot by Markus Granlund.
0:33 of 3rd period - Shot Blocked by Brian Dumoulin.
0:35 of 3rd period - Snap shot by Joel Armia.
0:35 of 3rd period - Stopped by Semyon Varlamov with a rebound.
0:39 of 3rd period - Slapshot by Markus Granlund.
0:39 of 3rd period - Deflect By Patric Hornqvist.
0:39 of 3rd period - Goal by Patric Hornqvist - Penguins : 2 - Kings : 1.
0:40 of 3rd period - Markus Granlund wins face-off versus Tomas Hertl in neutral zone.
0:49 of 3rd period - Tomas Hertl is hit by Brent Burns.
1:06 of 3rd period - Icing by Jonas Brodin.
1:07 of 3rd period - Anze Kopitar wins face-off versus Adam Lowry in Kings zone.
1:12 of 3rd period - Snap shot by Michael Grabner.
1:12 of 3rd period - Shot Misses the Net.
1:18 of 3rd period - Wrist shot by Thomas Vanek.
1:18 of 3rd period - Stopped by Tuukka Rask without a rebound.
1:19 of 3rd period - Alex Ovechkin wins face-off versus Markus Granlund in Penguins zone.
1:44 of 3rd period - Brent Burns is hit by Thomas Vanek and loses puck.
1:53 of 3rd period - Slapshot by Thomas Vanek.
1:53 of 3rd period - Shot Misses the Net.
1:55 of 3rd period - Snap shot by Michael Grabner.
1:55 of 3rd period - Stopped by Tuukka Rask with a rebound.
1:57 of 3rd period - Slapshot by Danny DeKeyser.
1:57 of 3rd period - Deflect By Tyler Myers.
1:57 of 3rd period - Stopped by Tuukka Rask with a rebound.
2:21 of 3rd period - Tyler Myers is hit by Artturi Lehkonen and loses puck.
2:53 of 3rd period - Roman Polak is hit by Alex Ovechkin and loses puck.
3:02 of 3rd period - Snap shot by Artemi Panarin.
3:02 of 3rd period - Stopped by Tuukka Rask with a rebound.
3:04 of 3rd period - Snap shot by Brian Dumoulin.
3:04 of 3rd period - Stopped by Tuukka Rask without a rebound.
3:05 of 3rd period - Michael Grabner wins face-off versus Sam Bennett in Penguins zone.
3:10 of 3rd period - Backhand shot by Thomas Vanek.
3:10 of 3rd period - Stopped by Tuukka Rask without a rebound.
3:11 of 3rd period - Anze Kopitar wins face-off versus Markus Granlund in Penguins zone.
3:12 of 3rd period - Wrist shot by Thomas Vanek.
3:12 of 3rd period - Shot Misses the Net.
3:21 of 3rd period - Minor Penalty to Dmitry Orlov for Holding.
3:22 of 3rd period - Joel Armia wins face-off versus Tomas Hertl in Penguins zone.
3:22 of 3rd period - Joel Armia is hit by Artemi Panarin.
3:33 of 3rd period - Wrist shot by Tomas Hertl.
3:33 of 3rd period - Shot Misses the Net.
3:35 of 3rd period - Slapshot by Shea Weber.
3:35 of 3rd period - Stopped by Tuukka Rask without a rebound.
3:36 of 3rd period - Tomas Hertl wins face-off versus Patric Hornqvist in Penguins zone.
3:43 of 3rd period - Wrist shot by Alex Ovechkin.
3:43 of 3rd period - Deflect By Tomas Hertl.
3:43 of 3rd period - Shot Blocked by Tyler Myers.
3:43 of 3rd period - Puck is out of play.
3:44 of 3rd period - Tomas Hertl wins face-off versus Patric Hornqvist in Penguins zone.
4:11 of 3rd period - Snap shot by Artemi Panarin.
4:11 of 3rd period - Stopped by Tuukka Rask with a rebound.
4:13 of 3rd period - Slapshot by Brian Dumoulin.
4:13 of 3rd period - Deflect By Alex Ovechkin.
4:13 of 3rd period - Shot Blocked by Tyler Myers.
4:13 of 3rd period - Puck is out of play.
4:14 of 3rd period - Anze Kopitar wins face-off versus Patric Hornqvist in Penguins zone.
4:51 of 3rd period - Snap shot by Markus Granlund.
4:51 of 3rd period - Shot Misses the Net.
5:21 of 3rd period - Penalty to Dmitry Orlov is over, Dmitry Orlov is back on ice.
5:23 of 3rd period - Brent Burns is hit by Alex Ovechkin and loses puck.
5:58 of 3rd period - Slapshot by Lee Stempniak.
5:58 of 3rd period - Stopped by Tuukka Rask without a rebound.
5:59 of 3rd period - Sam Bennett wins face-off versus Artem Anisimov in Penguins zone.
6:20 of 3rd period - Snap shot by Anze Kopitar.
6:20 of 3rd period - Stopped by Tuukka Rask without a rebound.
6:21 of 3rd period - Anze Kopitar wins face-off versus Adam Lowry in Penguins zone.
6:45 of 3rd period - Dmitry Orlov is hit by Anze Kopitar and loses puck.
7:02 of 3rd period - Slapshot by Tyler Myers.
7:02 of 3rd period - Stopped by Semyon Varlamov without a rebound.
7:03 of 3rd period - Markus Granlund wins face-off versus Tomas Hertl in Kings zone.
7:04 of 3rd period - Slapshot by Brent Burns.
7:04 of 3rd period - Deflect By Joel Armia.
7:04 of 3rd period - Goal by Joel Armia - Penguins : 3 - Kings : 1.
7:05 of 3rd period - Tomas Hertl wins face-off versus Markus Granlund in neutral zone.
7:37 of 3rd period - Snap shot by Marcus Foligno.
7:37 of 3rd period - Goal by Marcus Foligno - Penguins : 4 - Kings : 1.
7:37 of 3rd period - Devan Dubnyk enters game.
7:38 of 3rd period - Tomas Hertl wins face-off versus Markus Granlund in neutral zone.
7:48 of 3rd period - Minor Penalty to Tyler Myers for High sticking.
7:49 of 3rd period - Tomas Hertl wins face-off versus Patric Hornqvist in Penguins zone.
9:11 of 3rd period - Tim Schaller is hit by Artemi Panarin and loses puck.
9:18 of 3rd period - Slapshot by Artemi Panarin.
9:18 of 3rd period - Shot Misses the Net.
9:20 of 3rd period - Wrist shot by Brian Dumoulin.
9:20 of 3rd period - Stopped by Tuukka Rask with a rebound.
9:24 of 3rd period - Snap shot by Alex Ovechkin.
9:24 of 3rd period - Shot Hit the Post.
9:40 of 3rd period - Joel Armia is hit by Tomas Hertl and loses puck.
9:48 of 3rd period - Penalty to Tyler Myers is over, Tyler Myers is back on ice.
9:59 of 3rd period - Adam Lowry is hit by Drew Stafford and loses puck.
10:12 of 3rd period - Slapshot by Adam Lowry.
10:12 of 3rd period - Stopped by Devan Dubnyk without a rebound.
10:13 of 3rd period - Tomas Hertl wins face-off versus Sam Bennett in Kings zone.
10:29 of 3rd period - Snap shot by Sam Bennett.
10:29 of 3rd period - Stopped by Devan Dubnyk without a rebound.
10:30 of 3rd period - Carter Rowney wins face-off versus Markus Granlund in Kings zone.
10:32 of 3rd period - Minor Penalty to Jonas Brodin for Hooking.
10:33 of 3rd period - Markus Granlund wins face-off versus Anze Kopitar in Kings zone.
10:33 of 3rd period - Snap shot by Patric Hornqvist.
10:33 of 3rd period - Goal by Patric Hornqvist - Penguins : 5 - Kings : 1.
10:34 of 3rd period - Tomas Hertl wins face-off versus Markus Granlund in neutral zone.
11:27 of 3rd period - Danny DeKeyser is hit by Marcus Foligno and loses puck.
11:48 of 3rd period - Slapshot by Joel Armia.
11:48 of 3rd period - Stopped by Devan Dubnyk with a rebound.
11:50 of 3rd period - Slapshot by Dmitry Orlov.
11:50 of 3rd period - Shot Misses the Net.
11:52 of 3rd period - Wrist shot by Joel Armia.
11:52 of 3rd period - Shot Misses the Net.
11:54 of 3rd period - Backhand shot by Patric Hornqvist.
11:54 of 3rd period - Penguins goal is going for a video replay.
11:54 of 3rd period - The goal is good.
11:54 of 3rd period - Goal by Patric Hornqvist - Penguins : 6 - Kings : 1.
11:55 of 3rd period - Tomas Hertl wins face-off versus Markus Granlund in neutral zone.
11:55 of 3rd period - Tomas Hertl is hit by Brent Burns.
12:18 of 3rd period - Minor Penalty to Alex Ovechkin for Interference.
12:19 of 3rd period - Anze Kopitar wins face-off versus Markus Granlund in Kings zone.
12:40 of 3rd period - Michael Grabner is hit by Markus Granlund and loses puck.
13:37 of 3rd period - Tyler Myers is hit by Jonas Brodin.
14:18 of 3rd period - Penalty to Alex Ovechkin is over, Alex Ovechkin is back on ice.
14:18 of 3rd period - Tomas Hertl is hit by Roman Polak and loses puck.
14:36 of 3rd period - Snap shot by Marcus Foligno.
14:36 of 3rd period - Deflect By Steve Bernier.
14:36 of 3rd period - Stopped by Devan Dubnyk with a rebound.
14:38 of 3rd period - Snap shot by Marcus Foligno.
14:38 of 3rd period - Stopped by Devan Dubnyk without a rebound.
14:39 of 3rd period - Artem Anisimov wins face-off versus Sam Bennett in Kings zone.
14:39 of 3rd period - Artem Anisimov is hit by Marcus Foligno.
14:53 of 3rd period - Snap shot by Sam Bennett.
14:53 of 3rd period - Goal by Sam Bennett - Penguins : 7 - Kings : 1.
14:54 of 3rd period - Tomas Hertl wins face-off versus Markus Granlund in neutral zone.
14:59 of 3rd period - Snap shot by Alex Ovechkin.
14:59 of 3rd period - Deflect By Tomas Hertl.
14:59 of 3rd period - Stopped by Tuukka Rask without a rebound.
15:00 of 3rd period - Tomas Hertl wins face-off versus Markus Granlund in Penguins zone.
15:03 of 3rd period - Wrist shot by Artemi Panarin.
15:03 of 3rd period - Stopped by Tuukka Rask with a rebound.
15:28 of 3rd period - Icing by Tyler Myers.
15:29 of 3rd period - Artem Anisimov wins face-off versus Adam Lowry in Penguins zone.
15:30 of 3rd period - Backhand shot by Artturi Lehkonen.
15:30 of 3rd period - Goal by Artturi Lehkonen - Penguins : 7 - Kings : 2.
15:31 of 3rd period - Tomas Hertl wins face-off versus Markus Granlund in neutral zone.
15:56 of 3rd period - Jonathon Merrill is hit by Mikkel Boedker and loses puck.
16:18 of 3rd period - Icing by Jonathon Merrill.
16:19 of 3rd period - Artem Anisimov wins face-off versus Sam Bennett in Kings zone.
16:21 of 3rd period - Sam Bennett beats up Artem Anisimov.
16:21 of 3rd period - Penalty to Artem Anisimov for Fighting.
16:21 of 3rd period - Penalty to Sam Bennett for Fighting.
16:22 of 3rd period - Tomas Hertl wins face-off versus Markus Granlund in neutral zone.
16:39 of 3rd period - Off-side.
16:40 of 3rd period - Anze Kopitar wins face-off versus Adam Lowry in neutral zone.
17:10 of 3rd period - Slapshot by Artemi Panarin.
17:10 of 3rd period - Shot Blocked by Joel Armia.
17:35 of 3rd period - Wrist shot by Nikolay Goldobin.
17:35 of 3rd period - Stopped by Tuukka Rask with a rebound.
17:47 of 3rd period - Mikkel Boedker is hit by Michael Grabner and loses puck.
18:22 of 3rd period - Slapshot by Brent Burns.
18:22 of 3rd period - Stopped by Devan Dubnyk with a rebound.
18:34 of 3rd period - Slapshot by Artturi Lehkonen.
18:34 of 3rd period - Shot Misses the Net.
18:50 of 3rd period - Snap shot by Anze Kopitar.
18:50 of 3rd period - Deflect By Thomas Vanek.
18:50 of 3rd period - Stopped by Tuukka Rask with a rebound.
19:04 of 3rd period - Wrist shot by Anze Kopitar.
19:04 of 3rd period - Stopped by Tuukka Rask with a rebound.
Goals for this period are 6 for Penguins vs 1 for Kings.
Shots for this period are 17 for Penguins vs 17 for Kings.